 Dungeon Crawl Stone Soup version 0.25-a0-942-g87a53962fc (webtiles) character file.

Game seed: 16554845351921488447, levelgen mode: deterministic

2438 kae the Spear-Bearer (level 9, -9/57 HPs)
             Began as a Merfolk Ice Elementalist on May 6, 2020.
             Was a Believer of Okawaru.
             Mangled by an orc warrior
             ... wielding a +0 trident
              (20 damage)
             ... on level 8 of the Dungeon.
             The game lasted 00:08:12 (9926 turns).

kae the Spear-Bearer (Merfolk Ice Elementalist)     Turns: 9926, Time: 00:08:13

Health: -9/57      AC:  5    Str: 12    XL:     9   Next: 49%
Magic:  13/17      EV: 12    Int: 14    God:    Okawaru [**....]
Gold:   339        SH:  0    Dex: 14    Spells: 11/18 levels left

rFire    . . .     SeeInvis .   k - +1 spear
rCold    . . .     Gourm    .   (no shield)
rNeg     . . .     Faith    .   o - +1 leather armour
rPois    .         Spirit   .   (no helmet)
rElec    .         Reflect  .   (no cloak)
rCorr    .         Harm     .   g - +0 pair of gloves
MR       .....                  (no boots)
Stlth    ++........             (no amulet)
HPRegen  0.19/turn              (no ring)
MPRegen  0.15/turn              (no ring)

@: no status effects
A: change form in water, swift swim, stealthy swim
a: Heroism, Renounce Religion


You were on level 8 of the Dungeon.
You worshipped Okawaru.
Okawaru was pleased with you.
You were near starving.

You visited 2 branches of the dungeon, and saw 9 of its levels.

You collected 383 gold pieces.
You spent 44 gold pieces at shops.

Inventory:

Hand Weapons
 k - a +1 spear (weapon)
 l - a +0 scythe
Armour
 g - a +0 pair of gloves (worn)
 o - a +1 leather armour (worn)
Jewellery
 w - an uncursed ring of ice {unknown}
Wands
 m - a wand of iceblast (7)
 p - a wand of digging (4)
Scrolls
 d - 6 scrolls of teleportation
 h - 3 scrolls of remove curse
 j - a scroll of magic mapping
 n - a scroll of amnesia
 u - 2 scrolls of identify
Potions
 a - a potion of might
 b - a potion of lignification
 e - 2 potions of flight
 f - 3 potions of stabbing
 q - a potion of ambrosia
 r - 2 potions of berserk rage {unknown}
 s - a potion of haste
 t - 3 potions of brilliance {unknown}
 v - a potion of mutation {unknown}
 x - 2 potions of heal wounds {unknown}
 z - a potion of degeneration {unknown}
Comestibles
 c - 9 rations


   Skills:
 * Level 10.4 Polearms
 - Level 2.6 Dodging
 - Level 2.1 Stealth
 + Level 5.3 Spellcasting
 * Level 9.6 Ice Magic
 - Level 3.0 Invocations


You had 11 spell levels left.
You knew the following spells:

 Your Spells              Type           Power        Failure   Level  Hunger
a - Freeze                Ice            ####         1%          1    None
b - Frozen Ramparts       Ice            ####..       1%          3    ###....
c - Ozocubu's Armour      Chrm/Ice       ###.....     9%          3    ###....

Your spell library contained the following spells:

 Spells                   Type           Power        Failure   Level  Hunger
 Sting                    Tmut/Pois      #...         22%         1    None
 Hailstorm                Conj/Ice       ###.....     28%         4    ####...
 Summon Ice Beast         Ice/Summ       ###.....     28%         4    ####...


Dungeon Overview and Level Annotations

Branches:
Dungeon (8/15)             Temple (1/1) D:4
   Lair: D:8-11

Altars:
Cheibriados
Dithmenos
Elyvilon
Fedhas
Gozag
Hepliaklqana
Kikubaaqudgha
Makhleb
Nemelex Xobeh
Okawaru
Qazlal
Ru
Sif Muna
Trog
Uskayaw
Vehumet
Wu Jian
Xom
Yredelemnul
Zin
The Shining One

Shops:
D:7 !   D:8 ?

Annotations:
D:4 exclusion: upstairs
D:5 3 runed translucent doors, ra1n577's ghost, amateur MiFi
D:6 Grinder; Maggie
D:7 5 runed translucent doors


Message History

Casting: Freeze (safe; 1% risk of failure)
Confirm with . or Enter, or press ? or * to list all spells.
Aiming: Freeze (safe; 1% risk of failure)
Press: ? - help, Shift-Dir - straight line, f/p - orc warrior
Aim: an orc warrior, wielding a +0 trident and wearing a +0 plate armour (heavily wounded)
You freeze the orc warrior.
The orc warrior is severely wounded.
Casting: Freeze (safe; 1% risk of failure)
Confirm with . or Enter, or press ? or * to list all spells.
Aiming: Freeze (safe; 1% risk of failure)
Press: ? - help, Shift-Dir - straight line, f/p - orc warrior
Aim: an orc warrior, wielding a +0 trident and wearing a +0 plate armour (severely wounded)
You freeze the orc warrior.
The orc warrior is almost dead.
The orc warrior misses you.
The orc warrior hits you from afar with a +0 trident!
* * * LOW HITPOINT WARNING * * *
There is a stone staircase leading up, spattered with blood here.
The orc warrior hits you from afar with a +0 trident!!
You die...

# ### 8# ##... ..#
#....# ####..#
#....##....∩#
#......o.#.##
#...[.oO....#
..#...@#...8.###
...!....###.....###
.......## #..o.[..#
#...... #.<#
#...... #)[#
....... ....#
##..... ..?..).
(..... .........
.........#


You could see an orc warrior, an ogre and an orc.

Vanquished Creatures
  Prince Ribbit (D:6)
  Sigmund (D:3)
  Edmund (D:5)
  An ice beast (D:5)
  A sky beast (D:7)
  2 ogres
  3 centaurs
  5 bullfrogs
  A scorpion (D:7)
  A howler monkey (D:6)
  2 crimson imps
  2 hounds
  2 jellies
  2 bullfrog skeletons
  3 orc priests
  A gnoll shaman (D:7)
  8 orc wizards
  A centaur skeleton (D:5)
  A worker ant (D:6)
  A hound zombie (D:5)
  A hound skeleton (D:6)
  A worker ant zombie (D:5)
  12 gnolls
  A howler monkey skeleton (D:4)
  3 adders
  A shadow imp (D:6)
  2 oozes (D:3)
  An adder zombie (D:7)
  An adder skeleton (D:6)
  2 worms (D:2)
  A dart slug (D:1)
  5 leopard geckos
  26 orcs
  A ball python (D:2)
  9 bats
  13 giant cockroaches
  4 goblins
  6 hobgoblins
  8 jackals
  7 kobolds
  7 quokkas
  4 frilled lizards
  A quokka skeleton (D:5)
  5 rats
162 creatures vanquished.

Notes
Turn   | Place    | Note
-------+----------+-------------------------------------------
     0 | D:1      | kae the Merfolk Ice Elementalist began the quest for the
                  | Orb.
     0 | D:1      | Reached XP level 1. HP: 13/13 MP: 3/3
    91 | D:1      | Reached XP level 2. HP: 12/19 MP: 0/5
   841 | D:1      | Reached skill level 5 in Ice Magic
   945 | D:1      | Reached XP level 3. HP: 24/24 MP: 3/6
  1098 | D:2      | Noticed Sigmund
  1134 | D:2      | Found a stormy altar of Qazlal.
  1509 | D:2      | Reached skill level 1 in Polearms
  2237 | D:2      | Reached XP level 4. HP: 17/30 MP: 0/7
  2281 | D:2      | Learned a level 3 spell: Frozen Ramparts
  2285 | D:2      | Learned a level 3 spell: Ozocubu's Armour
  2371 | D:3      | Reached skill level 2 in Polearms
  2542 | D:3      | Found a shadowy altar of Dithmenos.
  2542 | D:3      | Found a hazy altar of Hepliaklqana.
  2544 | D:3      | Noticed a shadow
  2829 | D:3      | Reached skill level 3 in Polearms
  2829 | D:3      | Reached XP level 5. HP: 29/35 MP: 5/9
  3310 | D:3      | Found a glowing silver altar of Zin.
  3497 | D:4      | Found a staircase to the Ecumenical Temple.
  3509 | D:4      | Reached skill level 4 in Polearms
  3509 | D:4      | Reached XP level 6. HP: 26/41 MP: 4/10
  3602 | Temple   | Entered the Ecumenical Temple
  3853 | Temple   | Became a worshipper of Warmaster Okawaru
  4143 | D:4      | Found a bloodstained altar of Trog.
  4360 | D:4      | Reached skill level 5 in Polearms
  4936 | D:3      | Killed Sigmund
  4936 | D:3      | Reached skill level 6 in Polearms
  4936 | D:3      | Reached XP level 7. HP: 23/46 MP: 5/12
  5092 | D:5      | Entered Level 5 of the Dungeon
  5153 | D:5      | Noticed Edmund
  5526 | D:5      | Reached * piety under Okawaru
  5699 | D:5      | Noticed ra1n577's ghost (amateur MiFi)
  5721 | D:5      | Found a runed translucent gate.
  5721 | D:5      | Found a runed translucent gate.
  5721 | D:5      | Found a runed translucent gate.
  5735 | D:5      | Killed Edmund
  5735 | D:5      | Reached skill level 1 in Invocations
  6270 | D:5      | Reached skill level 7 in Polearms
  6270 | D:5      | Reached XP level 8. HP: 12/52 MP: 7/14
  7130 | D:6      | Noticed Grinder
  7364 | D:6      | Reached ** piety under Okawaru
  7364 | D:6      | Reached skill level 8 in Polearms
  7648 | D:6      | Paralysed by Grinder for 6 turns
  7847 | D:6      | Found a glowing silver altar of Zin.
  7897 | D:6      | Noticed Maggie
  7965 | D:6      | Noticed Prince Ribbit
  7973 | D:6      | Killed Prince Ribbit
  8141 | D:6      | Paralysed by Grinder for 7 turns
  8151 | D:6      | Paralysed by Grinder for 2 turns
  8153 | D:7      | Found a runed translucent door.
  8153 | D:7      | Found a runed translucent gate.
  8153 | D:7      | Found a runed translucent gate.
  8153 | D:7      | Found a runed translucent gate.
  8249 | D:7      | Reached skill level 9 in Polearms
  8321 | D:7      | Found Eskoleno's Distillery.
  8330 | D:7      | Reached XP level 9. HP: 51/57 MP: 12/16
  8369 | D:7      | Bought a potion of might for 44 gold pieces
  8372 | D:7      | Found a shimmering blue altar of Sif Muna.
  8420 | D:7      | Identified Sif Muna's Tome of Transformation
  8532 | D:7      | Found the +9 staff of Olgreb {rPois∞}
  8546 | D:7      | Found a runed translucent door.
  8652 | D:7      | Reached skill level 5 in Spellcasting
  9028 | D:7      | Reached skill level 10 in Polearms
  9640 | D:8      | Found Fubbuz's Magic Scroll Emporium.
  9926 | D:8      | Mangled by an orc warrior

Levels and vault maps discovered:
D:1:      lightli_arrival_flooded_house, layout_rooms, minmay_worlds_worst_comb
D:2:      layout_rooms, nicolae_qazlal_eye_of_the_storm, uniq_sigmund
D:3:      layout_rooms, riverfiend_overflow_shadow_ancestor,
          nicolae_overflow_hidden_temple, portal_sewer_entry_f,
          serial_bayou_lagoon_b
D:4:      layout_gridville, lemuel_crystal_altar, temple_doors_e, first_ration
D:5:      layout_loops_ring, gammafunk_ghost_icy,
          hangedman_abyss_or_decor_passed, uniq_edmund
D:6:      layout_basic, ashenzari_conservatory_becter, basic_altar,
          hangedman_decor_peaks_small, uniq_prince_ribbit1, uniq_menkaure,
          uniq_maggie, uniq_grinder
D:7:      layout_loops_ring, led_sif_book, serial_shops, shop,
          kennysheep_diamond, minmay_guarded_unrand_staff_of_olgreb
D:8:      layout_cave_pools, serial_shops, shop_statue, the_bakery
Temple:   regret_index_temple_generic_petals

Skill      XL: |  1  2  3  4  5  6  7  8  9 |
---------------+----------------------------+-----
Ice Magic      | 5 6 7 8 9 |  9.6
Polearms       | 1 3 4 6 7 9 10 | 10.4
Spellcasting   | 3 4 5 |  5.3
Invocations    | 1 3 |  3.0
Dodging        | |  2.6
Stealth        | |  2.1

Action                   |  1- 3 |  4- 6 |  7- 9 || total
-------------------------+-------+-------+-------++-------
Melee: Whip              |    35 |       |       ||    35
       Unarmed           |     2 |       |       ||     2
       Spear             |    46 |   101 |   208 ||   355
       Tailslap          |       |     2 |       ||     2
 Cast: Freeze            |    51 |    32 |    66 ||   149
       Frozen Ramparts   |       |     7 |    18 ||    25
       Ozocubu's Armour  |       |       |     2 ||     2
Invok: Heroism           |       |       |     2 ||     2
Evoke: Wand              |       |       |     1 ||     1
  Use: Scroll            |     6 |     6 |     5 ||    17
       Potion            |       |       |     3 ||     3
 Stab: Sleeping          |     1 |     5 |     1 ||     7
  Eat: Chunk             |     3 |     7 |    13 ||    23
       Ration            |       |     1 |     1 ||     2
Armor: Robe              |    35 |       |       ||    35
       Leather armour    |     3 |    19 |    41 ||    63
       Skin              |       |       |    11 ||    11
Dodge: Dodged            |    91 |    59 |   146 ||   296

Table legend:
 A = Non-vault XP
 B = Vault XP
 C = Vault XP percentage of total XP
 D = Non-vault monster count
 E = Vault monster count
 F = Vault count percentage of total count
                 A         B        C        D         E       F
            +---------+---------+-------+---------+---------+-------
      Total |    2743 |     741 |  21.3 |     150 |      12 |   7.4
            +---------+---------+-------+---------+---------+-------
        D:1 |      28 |       6 |  17.6 |      17 |       3 |  15.0
        D:2 |      53 |       0 |   0.0 |      20 |       0 |   0.0
        D:3 |     178 |     238 |  57.2 |      30 |       5 |  14.3
        D:4 |     278 |       0 |   0.0 |      18 |       0 |   0.0
        D:5 |     393 |     153 |  28.0 |      16 |       1 |   5.9
        D:6 |     769 |     264 |  25.6 |      22 |       1 |   4.3
        D:7 |     907 |      80 |   8.1 |      20 |       2 |   9.1
        D:8 |     137 |       0 |   0.0 |       7 |       0 |   0.0
            +---------+---------+-------+---------+---------+-------
